 Dungeon Crawl Stone Soup version 0.27.0-1-g7a089689b8 (webtiles) character file.

Game seed: 4745120843593909345

9 Spectrina the Magician (level 2, 0/21 HPs)
             Began as a Djinni Necromancer on Aug 17, 2021.
             Slain by a giant cockroach (1 damage)
             ... on level 1 of the Dungeon.
             The game lasted 00:03:48 (252 turns).

Spectrina the Magician (Djinni Necromancer)          Turns: 252, Time: 00:03:49

Health: 0/21       AC:  2    Str:  7    XL:     2   Next: 20%
Gold:   0          EV: 12    Int: 16    God:
                   SH:  0    Dex: 13

rFire    + + .     SeeInvis .   d - +0 dagger
rCold    x . .     Faith    .   (no shield)
rNeg     . . .     Spirit   .   a - +0 robe
rPois    ∞         Reflect  .   (no helmet)
rElec    .         Harm     .   (no cloak)
rCorr    .         Rampage  .   (no gloves)
Will     .....                  (boots unavailable)
Stlth    ++........             (no amulet)
HPRegen  0.07/turn              (no ring)
MPRegen  0.00/turn              (no ring)

@: flying
A: sickness immunity, fire resistance 2, cold vulnerability 1, float, innate
caster, hp casting, extra vitality 1
a: no special abilities


You were on level 1 of the Dungeon.
You visited 1 branch of the dungeon, and saw 1 of its levels.

Inventory:

Hand Weapons
 d - a +0 dagger (weapon)
Missiles
 c - 17 stones
 e - 28 arrows
Armour
 a - a +0 robe (worn)


   Skills:
 - Level 2.1 Dodging
 - Level 1.5 Stealth
 + Level 3.6 Spellcasting


You couldn't memorise any spells.
You knew the following spells:

 Your Spells              Type           Power      Damage    Failure   Level
a - Pain                  Necr           56%        1d6       4%          1
b - Animate Skeleton      Necr           28%        N/A       4%          1
c - Vampiric Draining     Necr           7%         2d7       12%         3
d - Animate Dead          Necr           7%         N/A       36%         4
e - Agony                 Necr           14%        N/A       73%         5
Your spell library was empty.

Dungeon Overview and Level Annotations

Branches:
Dungeon (1/15)

Altars:


Innate Abilities, Weirdness & Mutations

You are immune to sickness and miasma.
You are immune to poison.
Your flesh is very heat resistant. (rF++)
You are vulnerable to cold. (rC-)
You float through the air rather than walking.
You learn spells naturally, not from books.
Your magical power is your life essence.
You have superior vitality. (+4 HP)


Message History

Aim: a frilled lizard (asleep, chance to affect: 85%)
The frilled lizard hisses angrily.
The frilled lizard writhes in agony.
You kill the frilled lizard!
* * * LOW HITPOINT WARNING * * *
A giant cockroach comes into view.
The giant cockroach closely misses you.
You closely miss the giant cockroach. The giant cockroach bites you.
* * * LOW HITPOINT WARNING * * *
Casting: Pain (safe; 4% risk of failure)
Confirm with . or Enter, or press ? or * to list all spells.
Aiming: Pain (safe; 4% risk of failure)
Press: ? - help, Shift-Dir - straight line, f - giant cockroach
Aim: a giant cockroach (chance to affect: 85%)
The giant cockroach writhes in agony.
* * * LOW HITPOINT WARNING * * *
The giant cockroach barely misses you.
Unknown command.
You aren't carrying any potions.
As you read the scroll labelled JUGUYMUREO, it crumbles to dust.
It is a scroll of amnesia.
You feel forgetful for a moment.
The giant cockroach barely misses you. x2
The giant cockroach misses you.
Casting: Pain (safe; 4% risk of failure)
Confirm with . or Enter, or press ? or * to list all spells.
Aiming: Pain (safe; 4% risk of failure)
Press: ? - help, Shift-Dir - straight line, f/p - giant cockroach
Aim: a giant cockroach (heavily wounded, chance to affect: 85%)
The giant cockroach barely resists.
* * * LOW HITPOINT WARNING * * *
The giant cockroach bites you but does no damage.
Unknown command.
You hit the giant cockroach but do no damage.
The giant cockroach is heavily wounded.
The giant cockroach bites you but does no damage.
You hit the giant cockroach.
The giant cockroach is almost dead.
The giant cockroach bites you but does no damage.
The giant cockroach bites you.
You die...

###.†#.# #......# #
#.#..#.# .# #.#..#.
###.# #..#... ....#
#.#.#.# ...# #.###.#
g..#
#######.###.###...#
#..@B...##.[..$...#
#.#####.#...##....#
#.# ####'####......
#.# ##PP#.#PP##.[###
#.###PPP#.#≈≈P##...
#.##P...#.#≈≈≈P#####
#.#P.P..#.#≈≈≈≈P#
#.#P....#.#≈≈≈≈P#
#.#######.#########


You could see a giant cockroach.

Vanquished Creatures
  A dart slug (D:1)
  2 endoplasms (D:1)
  2 giant cockroaches (D:1)
  A frilled lizard (D:1)
6 creatures vanquished.

Notes
Turn   | Place    | Note
-------+----------+-------------------------------------------
     0 | D:1      | Spectrina the Djinni Necromancer began the quest for the
                  | Orb.
     0 | D:1      | Reached XP level 1. HP: 15/15 MP: 0/0
   141 | D:1      | Reached XP level 2. HP: 1/21 MP: 0/0
   252 | D:1      | Slain by a giant cockroach

Illustrated notes

Levels and vault maps discovered:
D:1:      psy_arrival_terrarium, layout_loops_ring

Action                   || total
-------------------------++-------
Melee: Dagger            ||     3
 Cast: Pain              ||    16
  Use: Scroll            ||     1
Armor: Robe              ||     3
Dodge: Dodged            ||     6
